 Dungeon Crawl Stone Soup version 0.30-a0-719-gcc4359ea44 (webtiles) character file.

Game seed: 4281713984319704246

144 Chiseanne the Magician (level 5, 28/35 HPs)
             Began as a Demonspawn Hedge Wizard on Jan 26, 2023.
             Quit the game on level 3 of the Dungeon.
             The game lasted 00:06:25 (3228 turns).

Chiseanne the Magician (Demonspawn Hedge Wizard)    Turns: 3228, Time: 00:06:26

Health: 28/35      AC:  9    Str: 10    XL:     5   Next: 5%
Magic:  5/11       EV: 12    Int: 18    God:
Gold:   109        SH:  0    Dex: 12    Spells: 6/12 levels left

rFire   . . .      SeeInvis .    a - +0 short sword
rCold   . . .      Faith    .    (no shield)
rNeg    + . .      Spirit   .    b - +0 robe
rPois   .          Reflect  .    c - +1 hat
rElec   .          Harm     .    (no cloak)
rCorr   .          Rampage  .    n - +2 pair of gloves
Will    .....                    (no boots)
Stlth   ++                       (no amulet)
HPRegen 0.25/turn                l - ring of positive energy
MPRegen 0.12/turn                (no ring)

@: no status effects
A: claws 1, slimy green scales 2
a: no special abilities


You were on level 3 of the Dungeon.
You visited 1 branch of the dungeon, and saw 4 of its levels.

You collected 109 gold pieces.

Inventory:

Hand Weapons
 a - a +0 short sword (weapon)
Missiles
 g - 2 poisoned darts
 k - 20 stones
Armour
 b - a +0 robe (worn)
 c - a +1 hat (worn)
 n - a +2 pair of gloves (worn)
Jewellery
 l - a ring of positive energy (left hand)
Scrolls
 e - a scroll of silence
 f - a scroll of noise {unknown}
 j - a scroll of torment
Potions
 d - a potion of magic
 i - a potion of flight {unknown}
 m - a potion of curing {unknown}
 o - a potion of might {unknown}


   Skills:
 - Level 1.7 Dodging
 - Level 1.7 Stealth
 - Level 4.0 Spellcasting
 - Level 3.0 Conjurations
 - Level 1.0 Summonings
 - Level 0.8 Translocations
 + Level 2.0 Air Magic


You had 6 spell levels left.
You knew the following spells:

 Your Spells              Type           Power      Damage    Failure   Level
a - Magic Dart            Conj           56%        1d5       4%          1
b - Blink                 Tloc           12%        N/A       16%         2
d - Mephitic Cloud        Conj/Pois/Air  9%         N/A       22%         3

Your spell library contained the following spells:

 Spells                   Type           Power      Damage    Failure   Level
 Slow                     Hex            12%        N/A       14%         1
 Call Imp                 Summ           7%         N/A       14%         2
 Cigotuvi's Dreadful Rot  Necr/Pois/Air  12%        N/A       17%         2
 Summon Lightning Spire   Summ/Air       9%         N/A       61%         4
 Storm Form               Tmut/Air       3%         N/A       100%        7
 Maxwell's Capacitive Co  Air            5%         ∞         100%        8


Dungeon Overview and Level Annotations

Branches:
Dungeon (4/15)
 Temple: D:4-7

Altars:

Shops:
D:2 :


Innate Abilities, Weirdness & Mutations

You have sharp fingernails.
You are mostly covered in slimy green scales. (AC +3)


Message History

The orc priest is moderately wounded.
You strike the helpless orc priest from behind!
You hit the orc priest.
The orc priest is heavily wounded.
Casting: Mephitic Cloud (quite dangerous; 24% risk of failure)
Confirm with . or Enter, or press ? or * to list all spells.
Aiming: Magic Dart (safe; 4% risk of failure)
Press: ? - help, Shift-Dir - straight line, f/p - orc priest
Aim: an orc priest, wielding a +0 mace and wearing a +0 leather armour (heavily wounded, confused, 100% to hit)
The magic dart hits the orc priest.
The orc priest is almost dead.
Casting: Magic Dart (safe; 4% risk of failure)
Confirm with . or Enter, or press ? or * to list all spells.
Aiming: Magic Dart (safe; 4% risk of failure)
Press: ? - help, Shift-Dir - straight line, f/p - orc priest
Aim: an orc priest, wielding a +0 mace and wearing a +0 leather armour (almost dead, confused, 100% to hit)
The magic dart hits the orc priest.
The orc priest is almost dead.
The orc priest hits you but does no damage.
Casting: Magic Dart (safe; 4% risk of failure)
Confirm with . or Enter, or press ? or * to list all spells.
Aiming: Magic Dart (safe; 4% risk of failure)
Press: ? - help, Shift-Dir - straight line, f/p - orc priest
Aim: an orc priest, wielding a +0 mace and wearing a +0 leather armour (almost dead, confused, 100% to hit)
The magic dart hits the orc priest.
You kill the orc priest!
Your Air Magic skill increases to level 2!
You have reached level 5!
Your demonic ancestry asserts itself...
Your fingernails lengthen.
Things that are here:
a +0 mace; a +0 leather armour; an orc corpse Are you sure you want to abandon this character and quit the game? (Confirm with "yes".)
Okay, then.
Unknown command.
Unknown command.
Unknown command.
Are you sure you want to abandon this character and quit the game? (Confirm with "yes".)
Okay, then.
Are you sure you want to abandon this character and quit the game? (Confirm with "yes".)

...........................#####>
######.......#####...............
.............................##..
######....##.###.#.#####.#.#.##..
#....##.# #.#†#####.#.......
#....##.# #.#.##............ #
#.......# #.#.#####.###.##.. ##
......##.###.#.# #.###.##.. ..
.............@#.# #.....##.. ..
.............>..# #.###.##.. ##
..######.#.#####.# #†##.. ..
..######.#.......# #.##.. ##
.............###.###.##.# #
........................# #
########.#######.######## #
#######.#######.# #
#...............#


There were no monsters in sight!

Vanquished Creatures
  An orc priest (D:3)
  3 gnolls
  2 adders (D:2)
  A dart slug (D:3)
  4 orcs
  A ball python (D:1)
  6 bats
  5 endoplasms
  6 giant cockroaches
  6 goblins
  7 hobgoblins
  2 jackals (D:1)
  3 quokkas
  2 frilled lizards
  A kobold (D:1)
  9 rats
59 creatures vanquished.

Vanquished Creatures (others)
  A fungus (D:2)
  4 plants (D:2)
5 creatures vanquished.

Grand Total: 64 creatures vanquished

Notes
Turn   | Place    | Note
-------+----------+-------------------------------------------
     0 | D:1      | Chiseanne the Demonspawn Hedge Wizard began the quest for
                  | the Orb.
     0 | D:1      | Reached XP level 1. HP: 13/13 MP: 4/4
   241 | D:1      | Gained mutation: You are partially covered in slimy green
                  | scales. (AC +2) [demonic ancestry]
   241 | D:1      | Reached XP level 2. HP: 19/19 MP: 4/6
   833 | D:1      | Chiseanne: you are the dumbest game devs EVER
  1082 | D:1      | Chiseanne: there is absolutely no reason behind your
                  | developement you stupid fuckers
  1201 | D:1      | Reached XP level 3. HP: 24/24 MP: 2/8
  1313 | D:1      | Chiseanne: every toon gets destroyed by some onehit
                  | bullshit you fucking morons
  1622 | D:2      | Found Gaipiar's Book Shoppe.
  2301 | D:2      | Gained mutation: You are mostly covered in slimy green
                  | scales. (AC +3) [demonic ancestry]
  2301 | D:2      | Reached XP level 4. HP: 30/30 MP: 3/9
  2434 | D:2      | Reached skill level 4 in Spellcasting
  2564 | D:2      | Learned a level 2 spell: Blink
  2568 | D:2      | Learned a level 3 spell: Mephitic Cloud
  2726 | D:2      | Found a faded altar of an unknown god.
  2877 | D:3      | Reached skill level 1 in Air Magic
  3227 | D:3      | Gained mutation: You have sharp fingernails. [demonic
                  | ancestry]
  3227 | D:3      | Reached XP level 5. HP: 28/35 MP: 4/11
  3228 | D:3      | Quit the game

Illustrated notes

Levels and vault maps discovered:
D:1:      lordsloth_arrival_two_stooges, layout_loops_cross
D:2:      layout_basic, serial_shops, nicolae_shop_window_shopping,
          shapermc_ecumenical_altar_acropolis
D:3:      layout_basic, chequers_decorated_corner, uniq_robin
D:4:      layout_gridville, ebering_ghost_disaster_area

Skill      XL: |  1  2  3  4 |
---------------+-------------+-----
Conjurations   | 2 3 |  3.0
Spellcasting   | 4 |  4.0
Air Magic      | 2 |  2.0
Dodging        | |  1.7
Stealth        | |  1.7
Summonings     | |  1.0
Translocations | |  0.8

Action                     |  1- 3 |  4- 6 || total
---------------------------+-------+-------++-------
  Melee: Short sword       |    28 |    20 ||    48
   Cast: Magic Dart        |   125 |    62 ||   187
         Mephitic Cloud    |       |     1 ||     1
    Use: Scroll            |     5 |     2 ||     7
   Stab: Confused          |       |     1 ||     1
 Armour: Robe              |    16 |    17 ||    33
  Dodge: Dodged            |    34 |    13 ||    47

Table legend: (Time is in decaauts)
 A = Elapsed time spent in this place.
 B = Non-inter-level travel time spent in this place.
 C = Inter-level travel time spent in this place.
 D = Time resting spent in this place.
 E = Time spent auto-exploring this place.
 F = Levels seen in this place.
 G = Mean time per level.
                   A        B        C        D        E       F      G
               +--------+--------+--------+--------+--------+-----+--------+
         Total |   3229 |   3153 |     76 |    763 |   1934 |   4 |  807.2 |
       Dungeon |   3229 |   3153 |     76 |    763 |   1934 |   4 |  807.2 |
               +--------+--------+--------+--------+--------+-----+--------+

Top non-repeatable levels by time:
     D:1: 1589 daAuts
     D:2: 1150 daAuts
     D:3: 386 daAuts
     D:4: 103 daAuts
